 Dungeon Crawl Stone Soup version 0.29.1-12-g30fa7ad0bf (webtiles) character file.

Game seed: 17101146378605236887

76 wormed the Chopper (level 4, 0/40 HPs)
             Began as a Hill Orc Fighter on Dec 28, 2022.
             Slain by an iguana (7 damage)
             ... on level 3 of the Dungeon.
             The game lasted 00:01:33 (2355 turns).

wormed the Chopper (Hill Orc Fighter)               Turns: 2355, Time: 00:01:34

Health: 0/40       AC: 12    Str: 20    XL:     4   Next: 32%
Magic:  4/4        EV:  5    Int:  8    God:
Gold:   185        SH:  4    Dex: 10    Spells: 3/3 levels left

rFire   . . .      SeeInvis .   a - +0 war axe
rCold   . . .      Faith    .   c - +0 buckler
rNeg    . . .      Spirit   .   o - +0 plate armour
rPois   .          Reflect  .   (no helmet)
rElec   .          Harm     .   (no cloak)
rCorr   .          Rampage  .   e - +0 pair of gloves
Will    .....                   (no boots)
Stlth   ..........              (no amulet)
HPRegen 0.13/turn               (no ring)
MPRegen 0.09/turn               (no ring)

@: no status effects
A: no striking features
a: no special abilities


You were on level 3 of the Dungeon.
You visited 1 branch of the dungeon, and saw 3 of its levels.

You collected 185 gold pieces.

Inventory:

Hand Weapons
 a - a +0 war axe (weapon)
Armour
 c - a +0 buckler (worn)
 e - a +0 pair of gloves (worn)
 o - a +0 plate armour (worn)
Scrolls
 g - a scroll of magic mapping {unknown}
 i - a scroll of teleportation {unknown}
 m - a scroll of identify {unknown}
Potions
 d - 2 potions of might
 h - a potion of brilliance {unknown}
 j - a potion of berserk rage {unknown}
 k - a potion of degeneration {unknown}
 l - 2 potions of attraction {unknown}


   Skills:
 + Level 4.2 Fighting
 * Level 4.2 Axes
 + Level 3.8 Armour
 + Level 3.8 Shields


You had 3 spell levels left.
You didn't know any spells.
Your spell library was empty.

Dungeon Overview and Level Annotations

Branches:
Dungeon (3/15)

Altars:


Message History

Found a plate armour.
Found a mace.
There is an open door here.
No target in view!
Found a stone staircase leading down.
You see here a +0 plate armour.
You start removing your armour.
You continue taking off your +0 chain mail. x4
You finish taking off your +0 chain mail.
You start putting on your armour.
You continue putting on your +0 plate armour. x5
You finish putting on your +0 plate armour.
You drop a +0 scale mail.
You drop a +0 chain mail.
You drop a ring of magical power.
As you open the door, it creaks loudly!
There is an open door here.
An iguana comes into view.
An iguana is nearby!
An iguana is nearby!
You barely miss the iguana. You block the iguana's attack.
The iguana bites you but does no damage.
You closely miss the iguana. The iguana bites you!
You hit the iguana but do no damage. You block the iguana's attack.
You hit the iguana.
The iguana is heavily wounded.
The iguana bites you! The iguana barely misses you.
You barely miss the iguana.
The iguana is heavily wounded.
The iguana bites you!
You are too injured to fight recklessly!
You hit the iguana.
The iguana is heavily wounded.
The iguana bites you but does no damage.
You hit the iguana.
The iguana is severely wounded.
The iguana bites you!
* * * LOW HITPOINT WARNING * * *
The iguana bites you!
You die...

###### .....## ......
### ....# ##.## ....
##.#.####### ..#
#.###....... #l#
##.#...#####
#@#######...##
#..........##
##...##########.#
#.....## #.# #......#
##'## .....####
##...## #
.......###.....##
#.##..##.##.......##
#.#...##.#...=.....###


You could see an iguana.

Vanquished Creatures
  Terence (D:2)
  2 adders (D:2)
  2 dart slugs (D:1)
  An orc (D:3)
  A ball python (D:2)
  2 endoplasms
  A giant cockroach (D:2)
  2 goblins
  5 hobgoblins
  A quokka (D:1)
  2 frilled lizards (D:1)
  4 kobolds
  2 rats (D:1)
26 creatures vanquished.

Notes
Turn   | Place    | Note
-------+----------+-------------------------------------------
     0 | D:1      | wormed the Hill Orc Fighter began the quest for the Orb.
     0 | D:1      | Reached XP level 1. HP: 19/19 MP: 1/1
    25 | D:1      | Found a faded altar of an unknown god.
   400 | D:1      | Reached XP level 2. HP: 27/27 MP: 2/2
  1150 | D:2      | Noticed Terence
  1160 | D:2      | Killed Terence
  1161 | D:2      | Reached XP level 3. HP: 20/33 MP: 3/3
  1327 | D:2      | Reached XP level 4. HP: 29/40 MP: 4/4
  2355 | D:3      | Slain by an iguana

Illustrated notes

Levels and vault maps discovered:
D:1:      ncdulo_watergridlock, layout_basic, ebering_ecumenical_altar_rust,
          serial_forest, infiniplex_forest_split,
          infiniplex_forest_clump_medium, infiniplex_forest_clump_curved,
          infiniplex_forest_lined_2, infiniplex_forest_lined_3,
          infiniplex_forest_end_3, infiniplex_forest_3_way,
          infiniplex_forest_pool
D:2:      layout_basic, uniq_terence
D:3:      layout_loops_corners, mainiacjoe_overflow_catwalk,
          kiku_gazebo_garden_becter

Skill      XL: |  1  2  3 |
---------------+----------+-----
Axes           | 3 4 |  4.2
Fighting       | 4 |  4.2
Armour         | |  3.8
Shields        | |  3.8

Action                   |  1- 3 |  4- 6 || total
-------------------------+-------+-------++-------
Melee: War axe           |    56 |    22 ||    78
Armor: Scale mail        |    17 |       ||    17
       Chain mail        |     8 |     6 ||    14
       Plate armour      |       |     2 ||     2
Dodge: Dodged            |    19 |     5 ||    24
Block: Buckler           |    14 |     5 ||    19
